[Event "January 9 Early 2024"]
[Site "https://www.chess.com"]
[Date "2024.01.11"]
[Round "9"]
[White "Vokhidov, Shamsiddin"]
[Black "Bartel, Mateusz"]
[Result "1-0"]
[Board "144"]
[TimeControl "180+1"]
[WhiteFideId "14204223"]
[BlackFideId "1112635"]
[WhiteElo "3002"]
[BlackElo "2830"]
[WhiteTeam "UZB"]
[BlackTeam "POL"]
[WhiteClock "0:00:13"]
[BlackClock "0:00:04"]

1. e4 e5 2. Nf3 d6 3. Nc3 Nf6 4. d4 exd4 5. Qxd4 Be7 6. Bf4 Nc6 7. Bb5 O-O 8. Bxc6 bxc6 9. O-O Nd7 10. e5 d5 11. Na4 Ba6 12. Rfe1 Re8 13. Qd2 Nf8 14. Nd4 Qd7 15. Bg5 c5 16. Bxe7 cxd4 17. Bxf8 Qxa4 18. Bc5 d3 19. cxd3 d4 20. Red1 Rxe5 21. b3 Qd7 22. Rac1 Rae8 23. Qf4 Bb7 24. f3 Rf5 25. Qxd4 Rd5 26. Qc4 Rg5 27. Qf4 h6 28. Bf2 c6 29. Bxa7 Ra5 30. Bf2 Rxa2 31. Re1 Rae2 32. Rxe2 Rxe2 33. h4 Kh7 34. Rc4 Qxd3 35. Qxf7 Qb1+ 36. Kh2 Qg6 37. Qxb7 Rxf2 38. Rg4 Qf6 39. Qd7 1-0

[Event "January 9 Early 2024"]
[Site "https://www.chess.com"]
[Date "2024.01.11"]
[Round "9"]
[White "Poddubnyi, Viktor"]
[Black "Blokhin, Sofia"]
[Result "0-1"]
[Board "145"]
[TimeControl "180+1"]
[WhiteFideId "4141989"]
[BlackFideId "4508190"]
[WhiteElo "2414"]
[BlackElo "2306"]
[WhiteTeam "RUS"]
[BlackTeam "EST"]
[WhiteClock "0:00:02"]
[BlackClock "0:00:05"]

1. e4 c5 2. Nf3 e6 3. g3 Nc6 4. Bg2 Nf6 5. e5 Ng4 6. b4 cxb4 7. d4 d6 8. h3 Nxf2 9. Kxf2 dxe5 10. dxe5 Bc5+ 11. Be3 Qb6 12. Qe2 Bd7 13. Nbd2 Na5 14. Ne4 Bxe3+ 15. Qxe3 Qc7 16. Nd6+ Kf8 17. Rad1 Qxc2+ 18. Rd2 Qc7 19. Qf4 Bc6 20. Ng5 Kg8 21. Qxf7+ Qxf7+ 22. Ndxf7 Rf8 23. Rd8 h6 24. Nxe6 Kxf7 25. Rxf8+ Rxf8 26. Nxf8 Kxf8 27. Bxc6 Nxc6 28. Re1 Ke7 29. Kf3 Ke6 30. Ke4 a5 31. h4 a4 32. h5 Ne7 33. Rd1 Nf5 34. g4 Ng3+ 35. Kf4 Ne2+ 36. Ke3 Nc3 0-1

[Event "January 9 Early 2024"]
[Site "https://www.chess.com"]
[Date "2024.01.11"]
[Round "9"]
[White "Mena, Martin"]
[Black "Skiadopoulos, Nikolaos"]
[Result "1-0"]
[Board "146"]
[TimeControl "180+1"]
[WhiteFideId "10651225"]
[BlackFideId "4200772"]
[WhiteElo "2079"]
[BlackElo "1935"]
[WhiteTeam "EGY"]
[BlackTeam "GRE"]
[WhiteClock "0:00:04"]
[BlackClock "0:00:01"]

1. c4 Nf6 2. g3 g6 3. Bg2 Bg7 4. Nc3 c6 5. d3 d5 6. cxd5 cxd5 7. Nf3 Nc6 8. O-O O-O 9. Bg5 h6 10. Bf4 Be6 11. Nb5 Rc8 12. Nfd4 Nxd4 13. Nxd4 Bd7 14. Qb3 b6 15. Rfc1 e6 16. Rxc8 Qxc8 17. Rc1 Qe8 18. Bd6 Ng4 19. Nf3 f5 20. Bxf8 Bxf8 21. h3 Nf6 22. Ne5 Ba4 23. Qc3 Bd6 24. b3 Bb5 25. a4 Ba6 26. Nc6 Qd7 27. Qxf6 Ba3 28. Qxg6+ Kh8 29. Ne5 Qg7 30. Nf7+ Kg8 31. Nxh6+ Kh8 32. Nf7+ Kg8 33. Qxg7+ Kxg7 34. Rc7 Kf6 35. Rxa7 Bc8 36. Nd8 1-0

[Event "January 9 Early 2024"]
[Site "https://www.chess.com"]
[Date "2024.01.11"]
[Round "9"]
[White "Lund, Gunnar"]
[Black "Molina, Roberto Junio Brito"]
[Result "0-1"]
[Board "147"]
[TimeControl "180+1"]
[WhiteFideId "1520814"]
[BlackFideId "2109450"]
[WhiteElo "2659"]
[BlackElo "2807"]
[WhiteTeam "NOR"]
[BlackTeam "BRA"]
[WhiteClock "0:00:20"]
[BlackClock "0:00:13"]

1. d4 d5 2. c4 c6 3. Nf3 Nf6 4. Nc3 dxc4 5. a4 Bf5 6. e3 e6 7. Bxc4 Bb4 8. O-O O-O 9. Ne2 h6 10. Ng3 Bh7 11. Bd2 Qe7 12. Qb3 Bxd2 13. Nxd2 Nbd7 14. a5 b5 15. axb6 axb6 16. Nf3 Rfb8 17. h3 Rxa1 18. Rxa1 b5 19. Bf1 c5 20. dxc5 Qxc5 21. Nd4 b4 22. Qc4 Qxc4 23. Bxc4 Ne5 24. Be2 Nd5 25. f4 Nd7 26. Kf2 Nc5 27. Rc1 Ne4+ 28. Nxe4 Bxe4 29. Bf3 Bxf3 30. Kxf3 g5 31. g3 gxf4 32. gxf4 Kg7 33. e4 Nf6 34. Rc7 Rb6 35. h4 h5 36. f5 exf5 37. Nxf5+ Kg6 38. Ne7+ Kg7 39. Kf4 b3 40. Nf5+ Kg6 41. Ne7+ Kg7 42. Rc1 Rb4 43. Nf5+ Kg6 44. Rg1+ Ng4 45. Ne3 f5 46. Nxf5 Kf6 47. Rc1 Nf2 48. Rc6+ Kf7 49. Ng3 Nd3+ 50. Kf5 Rb5+ 0-1

[Event "January 9 Early 2024"]
[Site "https://www.chess.com"]
[Date "2024.01.11"]
[Round "9"]
[White "Radzhabov, Rodion"]
[Black "Tiarks, Jann-Christian"]
[Result "1-0"]
[Board "148"]
[TimeControl "180+1"]
[WhiteFideId "884715"]
[BlackFideId "12951595"]
[WhiteElo "2600"]
[BlackElo "2446"]
[WhiteTeam "RUS"]
[BlackTeam "GER"]
[WhiteClock "0:00:04"]
[BlackClock "0:01:11"]

1. e4 c5 2. Nf3 Nf6 3. Nc3 d5 4. exd5 Nxd5 5. Bb5+ Bd7 6. Bxd7+ Qxd7 7. O-O Nc6 8. d4 cxd4 9. Nxd4 Nxc3 10. bxc3 e6 11. Qg4 Ne5 12. Qg3 Ng6 13. h4 Bd6 14. Qh3 h5 15. Bg5 O-O 16. Qf3 e5 17. Nf5 Bc5 18. Rad1 Qe6 19. Rd5 Rac8 20. Rfd1 b6 21. Ng3 Qg4 22. Qxg4 hxg4 23. h5 Nf4 24. Rxe5 f6 25. Bxf4 fxe5 26. Bxe5 Bxf2+ 27. Kh2 Rce8 28. Bd4 Bxd4 29. cxd4 Rf2 30. d5 Rxc2 31. d6 Kf7 32. Nf5 Rd8 33. Re1 Kf6 34. Rf1 Kg5 35. Nxg7 Rxd6 36. Rf5+ Kh6 37. Rf7 Rdd2 38. Nf5+ Kg5 39. Ne3 Rc1 40. Rf5+ Kh6 41. Nxg4+ Kg7 42. h6+ Kg6 43. Rf8 Rc7 44. Rg8+ Kf5 45. Rg7 Rxg7 46. hxg7 Rd8 47. g8=Q Rxg8 48. Nh6+ Kg6 49. Nxg8 b5 50. Ne7+ Kf6 51. Nc6 a6 52. g4 Ke6 53. Kg3 Kd6 54. Na5 Ke6 55. g5 Kf7 56. Kg4 Kg7 57. Kf5 Kf7 58. g6+ Kg7 59. a3 b4 60. axb4 Kg8 61. Kf6 Kf8 62. g7+ Kg8 63. Nc6 Kh7 64. Ne7 Kh6 65. g8=Q Kh5 66. Qg5# 1-0

[Event "January 9 Early 2024"]
[Site "https://www.chess.com"]
[Date "2024.01.11"]
[Round "9"]
[White "Ambartsumova, Karina"]
[Black "Rajdeep Sarkar"]
[Result "1-0"]
[Board "149"]
[TimeControl "180+1"]
[WhiteFideId "4166299"]
[BlackFideId "25007963"]
[WhiteElo "2595"]
[BlackElo "2419"]
[WhiteTeam "RUS"]
[BlackTeam "IND"]
[WhiteClock "0:00:11"]
[BlackClock "0:00:05"]

1. c4 Nf6 2. Nf3 g6 3. g3 Bg7 4. Bg2 O-O 5. Nc3 c6 6. b3 d5 7. e3 Ne4 8. Bb2 Nxc3 9. Bxc3 Bxc3 10. dxc3 dxc4 11. Qc2 cxb3 12. axb3 Nd7 13. h4 Nf6 14. Rd1 Bf5 15. Qb2 Qa5 16. O-O Rfd8 17. Nd4 Be4 18. f3 Bf5 19. b4 Qe5 20. e4 Bd7 21. f4 Qc7 22. e5 Nd5 23. Rde1 Bg4 24. f5 c5 25. Nb5 Qb6 26. c4 cxb4+ 27. Rf2 Ne3 28. e6 f6 29. fxg6 hxg6 30. Qxb4 Nf5 31. c5 Qa6 32. Nc7 b6 33. Nxa6 bxc5 34. Qxg4 Kg7 35. Rxf5 Rd4 36. Rf4 Rad8 37. h5 g5 38. Rxd4 Rxd4 39. Qf5 Kf8 40. Qg6 c4 41. Qf7# 1-0

[Event "January 9 Early 2024"]
[Site "https://www.chess.com"]
[Date "2024.01.11"]
[Round "9"]
[White "Santeramo, Alessia Carmen"]
[Black "Krishnan, Ritvik"]
[Result "0-1"]
[Board "150"]
[TimeControl "180+1"]
[WhiteFideId "850810"]
[BlackFideId "45055297"]
[WhiteElo "2325"]
[BlackElo "2505"]
[WhiteTeam "ITA"]
[BlackTeam "IND"]
[WhiteClock "0:00:01"]
[BlackClock "0:00:05"]

1. e4 c5 2. Nf3 d6 3. Bb5+ Nc6 4. O-O Nf6 5. Re1 Bd7 6. c3 a6 7. Bf1 g5 8. d4 g4 9. Nh4 cxd4 10. cxd4 d5 11. Nc3 dxe4 12. d5 Ne5 13. Nxe4 Nxe4 14. Rxe4 Ng6 15. Bg5 Nxh4 16. Bxh4 Bf5 17. Re5 Qd7 18. d6 e6 19. Bc4 Bxd6 20. Rxf5 exf5 21. Qe2+ Kf8 22. Bg5 Re8 23. Bh6+ Kg8 24. Qd2 Bxh2+ 25. Kxh2 Qxd2 26. Bxd2 Kg7 27. Bc3+ f6 28. Rd1 Rd8 29. Rh1 h5 30. Kg3 Rc8 31. Be6 Rc5 32. Rd1 Kg6 33. Rd7 h4+ 34. Kf4 h3 35. Bf7+ Kh6 36. Bxf6 hxg2 37. Bxh8 g1=Q 38. Bg8 Qxf2# 0-1

[Event "January 9 Early 2024"]
[Site "https://www.chess.com"]
[Date "2024.01.11"]
[Round "9"]
[White "Nowak, Lukasz"]
[Black "Modric, Nesa"]
[Result "1-0"]
[Board "151"]
[TimeControl "180+1"]
[WhiteFideId "1166760"]
[BlackFideId "922579"]
[WhiteElo "2022"]
[BlackElo "2167"]
[WhiteTeam "POL"]
[BlackTeam "SRB"]
[WhiteClock "0:00:01"]
[BlackClock "0:00:01"]

1. c4 c6 2. d4 d5 3. cxd5 cxd5 4. Bf4 Nc6 5. e3 e6 6. Nc3 Bd6 7. Bxd6 Qxd6 8. f4 Nf6 9. Nf3 O-O 10. Bd3 a6 11. O-O b5 12. Rc1 Bb7 13. Ne5 Rac8 14. Qe2 Na5 15. b3 Rc7 16. Rc2 Rfc8 17. Rfc1 g6 18. Qd2 Nc6 19. Ne2 Ne7 20. Rxc7 Rxc7 21. Rc2 Rxc2 22. Qxc2 Ne4 23. Bxe4 dxe4 24. Qc5 Qxc5 25. dxc5 b4 26. Nd4 Bd5 27. c6 f6 28. Nd7 Kf7 29. c7 Nc8 30. Nc5 a5 31. Kf2 Ke7 32. g4 Kd6 33. Na4 Kxc7 34. g5 fxg5 35. fxg5 Nd6 36. Nc5 Kd8 37. Ndxe6+ Ke7 38. Nf4 Nb5 39. Ne2 Nc3 40. Nd4 1-0

[Event "January 9 Early 2024"]
[Site "https://www.chess.com"]
[Date "2024.01.11"]
[Round "9"]
[White "Chigaev, Maksim"]
[Black "Materia, Marco"]
[Result "1-0"]
[Board "152"]
[TimeControl "180+1"]
[WhiteFideId "4108116"]
[BlackFideId "45150451"]
[WhiteElo "2973"]
[BlackElo "2825"]
[WhiteTeam "ESP"]
[BlackTeam "FRA"]
[WhiteClock "0:00:05"]
[BlackClock "0:00:03"]

1. c4 Nf6 2. g3 e6 3. Bg2 d5 4. Nf3 Be7 5. O-O O-O 6. b3 c5 7. cxd5 Nxd5 8. Nc3 Nc6 9. Bb2 Bf6 10. Qc2 b6 11. Nxd5 Bxb2 12. Qxb2 exd5 13. d4 Qf6 14. Qd2 Be6 15. Rfd1 Rac8 16. dxc5 bxc5 17. Rac1 c4 18. Ng5 cxb3 19. axb3 Ne5 20. Rxc8 Rxc8 21. f4 Ng4 22. h3 Nh6 23. g4 Qe7 24. f5 Bd7 25. Bxd5 Bb5 26. e4 Qe5 27. Kg2 Be8 28. Nf3 Qe7 29. g5 Nxf5 30. exf5 Kf8 31. Re1 Qc5 32. f6 gxf6 33. gxf6 Qc2 34. Qxc2 Rxc2+ 35. Kg3 Rc3 36. Kf4 Rd3 37. Bc4 Rd6 38. Ke5 Rb6 39. Nd4 Bd7 40. Rg1 Bxh3 41. Rg7 Be6 42. Bxe6 fxe6 43. Nxe6+ 1-0

[Event "January 9 Early 2024"]
[Site "https://www.chess.com"]
[Date "2024.01.11"]
[Round "9"]
[White "Herman, Matthew"]
[Black "Hoffmann, Asa"]
[Result "1-0"]
[Board "153"]
[TimeControl "180+1"]
[WhiteFideId "2028964"]
[BlackFideId "2001470"]
[WhiteElo "2513"]
[BlackElo "2369"]
[WhiteTeam "USA"]
[BlackTeam "USA"]
[WhiteClock "0:00:11"]
[BlackClock "0:00:31"]

1. e4 d6 2. d4 Nf6 3. Nc3 c6 4. f4 Qa5 5. e5 Nd5 6. Qf3 Bf5 7. Bd3 Bxd3 8. Qxd3 Nxc3 9. bxc3 d5 10. Bd2 Qa6 11. Qh3 e6 12. f5 c5 13. Ne2 Be7 14. Nf4 O-O 15. fxe6 fxe6 16. Qxe6+ Rf7 17. Qxa6 Nxa6 18. Nxd5 cxd4 19. Nxe7+ Rxe7 20. cxd4 Nc7 21. a4 h6 22. c4 Rd8 23. Be3 b6 24. O-O Rc8 25. Rac1 Na6 26. Rfd1 Rec7 27. d5 Rxc4 28. Rxc4 Rxc4 29. d6 Nb8 30. e6 Re4 31. d7 Nc6 32. d8=Q+ Nxd8 33. Rxd8+ Kh7 34. Bf2 Rxe6 35. Rd4 Re2 36. g3 Ra2 37. Kg2 a6 38. Kf3 b5 39. axb5 axb5 40. Rb4 Ra5 41. h4 g5 42. h5 Kg7 43. Bb6 Ra3+ 44. Kg2 Ra2+ 45. Kh3 Ra6 46. Rxb5 Kf7 47. Bd4 Ke6 48. Rb6+ Rxb6 49. Bxb6 Kf5 50. g4+ Kf6 51. Bd4+ Kf7 52. Kg3 Ke6 53. Kf3 Kf7 54. Ke4 Kg8 55. Kf5 Kh7 56. Kf6 Kh8 57. Kg6+ 1-0

[Event "January 9 Early 2024"]
[Site "https://www.chess.com"]
[Date "2024.01.11"]
[Round "9"]
[White "Barbot, Pierre"]
[Black "Sahin, Sarp"]
[Result "0-1"]
[Board "154"]
[TimeControl "180+1"]
[WhiteFideId "663727"]
[BlackFideId "51605066"]
[WhiteElo "2300"]
[BlackElo "2434"]
[WhiteTeam "FRA"]
[BlackTeam "TUR"]
[WhiteClock "0:00:01"]
[BlackClock "0:00:01"]

1. d4 Nf6 2. Nf3 d5 3. Bf4 c5 4. e3 Nc6 5. Nbd2 e6 6. c3 cxd4 7. exd4 Nh5 8. Be3 Bd6 9. Ne5 g6 10. g4 Ng7 11. h4 h5 12. Bg5 Be7 13. Bb5 Bd7 14. Nxd7 Qxd7 15. Qa4 a6 16. O-O-O Bxg5 17. hxg5 O-O-O 18. Be2 hxg4 19. Nb3 Qc7 20. Kb1 g3 21. fxg3 Nf5 22. Nc5 Nxg3 23. Rxh8 Rxh8 24. Bxa6 bxa6 25. Qxa6+ Kd8 26. c4 Rh2 27. cxd5 exd5 28. Re1 Ne4 29. Nxe4 dxe4 30. d5 Nb8 31. Qa4 Qd7 32. Qb3 Qc7 33. a4 Qc8 34. Rxe4 Nd7 35. Re1 Qc7 36. Ka1 Qd6 37. a5 Qc5 38. Qa4 Qa7 39. a6 Qf2 40. Rb1 Qc2 41. a7 Qxa4# 0-1

[Event "January 9 Early 2024"]
[Site "https://www.chess.com"]
[Date "2024.01.11"]
[Round "9"]
[White "Krzyzanowski, Marcin"]
[Black "Nouali, Mohamed"]
[Result "1-0"]
[Board "155"]
[TimeControl "180+1"]
[WhiteFideId "1132199"]
[BlackFideId "5502462"]
[WhiteElo "2777"]
[BlackElo "2582"]
[WhiteTeam "POL"]
[BlackTeam "TUN"]
[WhiteClock "0:00:06"]
[BlackClock "0:00:03"]

1. Nf3 Nf6 2. g3 g6 3. Bg2 Bg7 4. O-O O-O 5. c4 d6 6. d4 c5 7. Nc3 cxd4 8. Nxd4 Nc6 9. Bg5 Nxd4 10. Qxd4 Be6 11. Qd3 Nd7 12. b3 Qa5 13. Bd2 Qh5 14. Rad1 Bh3 15. Nd5 Ne5 16. Qe4 f5 17. Nxe7+ Kh8 18. Qh4 Qxh4 19. gxh4 Bxg2 20. Kxg2 Rae8 21. Nd5 Ng4 22. Bb4 Rxe2 23. Bxd6 Rfe8 24. a4 Rb2 25. Rd3 Ree2 26. Bg3 Be5 27. Nc3 Bxc3 28. Rxc3 h5 29. Kf3 Kh7 30. Rd3 Rec2 31. Rd7+ Kg8 32. Re1 Rc3+ 33. Kf4 Nf6 34. Rxb7 Ne4 35. f3 Rbxb3 36. fxe4 Rf3+ 37. Kg5 fxe4 38. Rxe4 Rbe3 39. Rxe3 Rxe3 40. Rxa7 Re4 41. Kxg6 Re6+ 42. Kf5 Rc6 43. Be5 1-0

[Event "January 9 Early 2024"]
[Site "https://www.chess.com"]
[Date "2024.01.11"]
[Round "9"]
[White "Tymrakiewicz, Rafal"]
[Black "Perez Gormaz, Matias"]
[Result "0-1"]
[Board "156"]
[TimeControl "180+1"]
[WhiteFideId "1108832"]
[BlackFideId "3406342"]
[WhiteElo "2389"]
[BlackElo "2646"]
[WhiteTeam "POL"]
[BlackTeam "CHI"]
[WhiteClock "0:00:01"]
[BlackClock "0:00:04"]

1. d4 d5 2. Bg5 Nf6 3. e3 Ne4 4. Bf4 Bf5 5. Bd3 e6 6. f3 Nd6 7. Ne2 Be7 8. O-O O-O 9. Nbc3 Bxd3 10. Qxd3 Nd7 11. e4 c6 12. Bxd6 Bxd6 13. e5 Be7 14. Nd1 c5 15. c3 Qb6 16. f4 f6 17. exf6 Bxf6 18. Ne3 Rac8 19. Rab1 cxd4 20. cxd4 Nb8 21. Ng4 Nc6 22. Nxf6+ Rxf6 23. Rfc1 Rf7 24. Rc2 Rfc7 25. Rd2 Nb4 26. Qb3 Rc2 27. Rbd1 R2c4 28. a3 Nc6 29. Qxb6 axb6 30. Kf2 Na5 31. Nc3 Kf7 32. Re2 g6 33. Nb5 R8c6 34. Rde1 Nb3 35. Rd1 Ke7 36. g3 Kd7 37. Re3 Rc2+ 38. Kf3 Rxb2 39. Nc3 Nd2+ 40. Kg4 Nc4 41. Red3 Rxh2 42. Rb1 Nd6 43. Kg5 Rxc3 0-1

[Event "January 9 Early 2024"]
[Site "https://www.chess.com"]
[Date "2024.01.11"]
[Round "9"]
[White "Filgueira, Hernan"]
[Black "Albuquerque Junior,Wellington S."]
[Result "1-0"]
[Board "157"]
[TimeControl "180+1"]
[WhiteFideId "101770"]
[BlackFideId "2151480"]
[WhiteElo "2558"]
[BlackElo "2381"]
[WhiteTeam "ARG"]
[BlackTeam "BRA"]
[WhiteClock "0:00:16"]
[BlackClock "0:00:05"]

1. d4 Nf6 2. Nf3 c5 3. d5 g6 4. Nc3 d6 5. e4 Bg7 6. Be2 O-O 7. O-O Na6 8. Nd2 Nc7 9. a4 Rb8 10. Nc4 b6 11. Bg5 a6 12. f3 b5 13. Na5 Bd7 14. axb5 axb5 15. Qd2 b4 16. Nd1 Nb5 17. Ne3 h6 18. Bh4 Nh5 19. Nac4 Nf4 20. Bd1 Kh7 21. Bg3 Nh5 22. Bf2 Ra8 23. Rxa8 Qxa8 24. f4 Nxf4 25. Bh4 g5 26. Bg3 Be5 27. Ng4 f6 28. h4 Rg8 29. Ngxe5 fxe5 30. hxg5 Rxg5 31. Bxf4 exf4 32. Qxf4 Qg8 33. Rf2 Nd4 34. c3 bxc3 35. bxc3 Nb5 36. e5 Nxc3 37. Bc2+ Kh8 38. exd6 exd6 39. Nxd6 Rxg2+ 40. Rxg2 Ne2+ 41. Kf2 Nxf4 42. Rxg8+ Kxg8 43. Be4 Kg7 44. Nb7 c4 45. Nc5 Bb5 46. d6 Kf6 47. Ke3 Ne6 48. d7 1-0

[Event "January 9 Early 2024"]
[Site "https://www.chess.com"]
[Date "2024.01.11"]
[Round "9"]
[White "De Sousa, Daniel Aguiar"]
[Black "Van Kooten, Luuk"]
[Result "0-1"]
[Board "158"]
[TimeControl "180+1"]
[WhiteFideId "44736797"]
[BlackFideId "1006533"]
[WhiteElo "2048"]
[BlackElo "2262"]
[WhiteTeam "BRA"]
[BlackTeam "NED"]
[WhiteClock "0:00:12"]
[BlackClock "0:00:15"]

1. d4 Nf6 2. Nf3 e6 3. e3 d5 4. Bd3 Be7 5. Nbd2 O-O 6. b3 c5 7. Bb2 b6 8. O-O Nbd7 9. Ne5 Nxe5 10. dxe5 Nd7 11. f4 f5 12. g4 Bb7 13. gxf5 exf5 14. Qh5 g6 15. Qh6 Re8 16. Nf3 Bf8 17. Qh3 Bg7 18. Kf2 Nf8 19. Ng5 Re7 20. Rg1 a6 21. Rad1 b5 22. Ba1 Qa5 23. e6 Qxa2 24. Bxg7 Rxg7 25. Nf7 Nxe6 26. Nh6+ Kh8 27. Nxf5 gxf5 28. Bxf5 Nf8 29. Rxg7 Kxg7 30. Rg1+ Kh8 31. Qg3 Ng6 32. Bxg6 Rg8 33. Qh4 Rxg6 34. Rxg6 Qxc2+ 35. Kf1 Qxg6 36. Qd8+ Kg7 37. Qc7+ Qf7 38. Qe5+ Kf8 39. Qb8+ Kg7 40. Qe5+ Qf6 41. Qc7+ Kg6 42. Qxb7 c4 43. Qxd5 c3 44. Qd3+ Kg7 45. e4 Qxf4+ 46. Kg2 Qg4+ 47. Kf2 Qf4+ 48. Kg2 Qd2+ 0-1

[Event "January 9 Early 2024"]
[Site "https://www.chess.com"]
[Date "2024.01.11"]
[Round "9"]
[White "Radjabov, Teimour"]
[Black "Kukhmazov, Arsen"]
[Result "1-0"]
[Board "159"]
[TimeControl "180+1"]
[WhiteFideId "13400924"]
[BlackFideId "24108260"]
[WhiteElo "3036"]
[BlackElo "2915"]
[WhiteTeam "AZE"]
[BlackTeam "FID"]
[WhiteClock "0:00:02"]
[BlackClock "0:00:03"]

1. Nf3 d5 2. d3 Nf6 3. g3 g6 4. Bg2 Bg7 5. O-O O-O 6. c4 c6 7. Qc2 Re8 8. Nc3 d4 9. Na4 e5 10. Nd2 Bf5 11. Nc5 Qc8 12. Nde4 Nxe4 13. Nxe4 Qc7 14. b4 a5 15. bxa5 Rxa5 16. Bd2 Ra7 17. a4 Nd7 18. a5 h6 19. Rfb1 Rea8 20. h3 Be6 21. g4 Kh7 22. Kh1 f5 23. gxf5 gxf5 24. Ng3 Nf6 25. Rg1 f4 26. Ne4 Bf5 27. Kh2 Rg8 28. Rab1 Qd7 29. Qb3 Nxe4 30. Bxe4 Bxe4 31. dxe4 Rga8 32. Rg2 Bf6 33. Rbg1 Rf8 34. Qf3 Raa8 35. Qh5 Rg8 36. Rg6 Bg7 37. Bb4 Rae8 38. Rd6 Qc7 39. Rgg6 Kh8 40. Rxh6+ Bxh6 41. Rxh6+ Kg7 42. Qg6# 1-0

[Event "January 9 Early 2024"]
[Site "https://www.chess.com"]
[Date "2024.01.11"]
[Round "9"]
[White "Bardyk, Artem"]
[Black "Domalchuk-Jonasson, Aleksandr"]
[Result "1-0"]
[Board "160"]
[TimeControl "180+1"]
[WhiteFideId "34349979"]
[BlackFideId "14142805"]
[WhiteElo "2778"]
[BlackElo "2632"]
[WhiteTeam "RUS"]
[BlackTeam "ISL"]
[WhiteClock "0:00:22"]
[BlackClock "0:00:02"]

1. e4 c5 2. c3 Nf6 3. e5 Nd5 4. Nf3 Nc6 5. Bc4 Nb6 6. Bb3 c4 7. Bc2 d6 8. exd6 Qxd6 9. O-O e5 10. Re1 Bg4 11. h3 Bxf3 12. Qxf3 Be7 13. d3 cxd3 14. Bxd3 O-O 15. Rd1 Qf6 16. Qe2 Rad8 17. Nd2 Nd5 18. Ne4 Qh4 19. Ng3 g6 20. Qe4 f5 21. Qxh4 Bxh4 22. Bc4 Ne7 23. Bh6 Rf6 24. Be3 Bxg3 25. Bc5 Kf8 26. fxg3 Rc8 27. Rxd5 Rfc6 28. Bxe7+ Kxe7 29. Rxe5+ Kf6 30. Rb5 Rxc4 31. Rxb7 a5 32. Re1 a4 33. a3 Re4 34. Rxe4 fxe4 35. Rb4 Ke5 36. Kf2 Rd8 37. Ke2 Rd3 38. Rb5+ Ke6 39. g4 Rg3 40. Kf2 Rd3 41. Ra5 Rd2+ 42. Ke3 Rxg2 43. Rxa4 Rxb2 44. Kxe4 Re2+ 45. Kf4 Rc2 46. c4 Rc3 47. Ra6+ Kf7 48. Ra7+ Ke6 49. Rxh7 Rxa3 50. Kg5 1-0

[Event "January 9 Early 2024"]
[Site "https://www.chess.com"]
[Date "2024.01.11"]
[Round "9"]
[White "Cristobal, Manuel"]
[Black "Tulchynskyi, Feliks"]
[Result "1-0"]
[Board "161"]
[TimeControl "180+1"]
[WhiteFideId "112879"]
[BlackFideId "34127895"]
[WhiteElo "2708"]
[BlackElo "2565"]
[WhiteTeam "ARG"]
[BlackTeam "UKR"]
[WhiteClock "0:00:53"]
[BlackClock "0:00:02"]

1. d4 e6 2. Nf3 b6 3. e3 Bb7 4. b3 Nf6 5. Bb2 Be7 6. Bd3 O-O 7. O-O Be4 8. Bxe4 Nxe4 9. c4 d5 10. Nbd2 f5 11. Ne5 c6 12. Nxe4 fxe4 13. f3 exf3 14. Rxf3 Bf6 15. Ng4 Nd7 16. Qd3 Qe7 17. Raf1 Bh4 18. e4 Rxf3 19. Rxf3 Rf8 20. g3 Bg5 21. Kg2 h5 22. Nf2 Rxf3 23. Qxf3 Qf7 24. Qxf7+ Kxf7 25. Kf3 g6 26. Nd3 Bd2 27. h3 a5 28. a4 Bg5 29. Bc3 Bh6 30. exd5 exd5 31. c5 bxc5 32. dxc5 Bf8 33. Bxa5 Bxc5 34. Nxc5 Nxc5 35. Bb6 Na6 36. Kf4 Kf6 37. Bd4+ Ke6 38. Kg5 c5 39. Bb2 Kf7 40. Be5 Ke6 41. Bf4 Kf7 42. a5 d4 43. g4 hxg4 44. Kxg4 Ke6 45. Kg5 Kf7 46. Bd6 Ke6 47. Bg3 d3 48. Be1 Ke5 49. Kxg6 Ke4 50. h4 Kf3 51. h5 Ke2 52. Bc3 Kd1 53. h6 Kc2 54. Be1 Kd1 55. Bh4 Kc2 56. Bg5 Kxb3 57. h7 c4 58. h8=Q c3 59. Qg8+ Kc2 60. Qa2+ Kd1 61. Qb1+ Ke2 62. Qb5 Nc7 63. Qe5+ Kd1 64. Qxc3 Ne6 65. Qd2# 1-0

[Event "January 9 Early 2024"]
[Site "https://www.chess.com"]
[Date "2024.01.11"]
[Round "9"]
[White "Chernomordik, Pavel"]
[Black "Baziuk, Vladyslav"]
[Result "0-1"]
[Board "162"]
[TimeControl "180+1"]
[WhiteFideId "2804530"]
[BlackFideId "34107940"]
[WhiteElo "2448"]
[BlackElo "2677"]
[WhiteTeam "ISR"]
[BlackTeam "UKR"]
[WhiteClock "0:00:13"]
[BlackClock "0:00:19"]

1. e4 c5 2. Nc3 Nc6 3. Bb5 Nd4 4. Bc4 e6 5. Nge2 Ne7 6. Nxd4 cxd4 7. Ne2 Nc6 8. d3 g6 9. a3 Bg7 10. f4 O-O 11. O-O Re8 12. Ng3 d5 13. Ba2 dxe4 14. dxe4 b6 15. Qf3 d3 16. cxd3 Nd4 17. Qf2 Ba6 18. Rd1 Rc8 19. Be3 Nc2 20. d4 Nxa1 21. Rxa1 Bc4 22. Bb1 Bb3 23. Bd3 Bc2 24. Bxc2 Qc7 25. Rc1 Qb7 26. e5 Rc4 27. Be4 Rxc1+ 28. Bxc1 Qc7 29. Be3 Rc8 30. h3 Bf8 31. Bf3 Be7 32. Ne4 Qc2 33. Nc3 Qxf2+ 34. Kxf2 Bxa3 35. bxa3 Rxc3 36. d5 exd5 37. Bxd5 Rxa3 38. g4 Rd3 39. Be4 Rb3 40. f5 gxf5 41. gxf5 a5 42. Bd5 Rb5 43. Bc4 Rxe5 44. Bxb6 Rxf5+ 45. Kg3 a4 46. Bd4 a3 47. Kg4 Ra5 48. Ba1 Ra4 0-1

[Event "January 9 Early 2024"]
[Site "https://www.chess.com"]
[Date "2024.01.11"]
[Round "9"]
[White "Gonzalez Vega, Alejandro"]
[Black "Khegay, Yuliya"]
[Result "0-1"]
[Board "163"]
[TimeControl "180+1"]
[WhiteFideId "3510042"]
[BlackFideId "14205394"]
[WhiteElo "2254"]
[BlackElo "2227"]
[WhiteTeam "CUB"]
[BlackTeam "UZB"]
[WhiteClock "0:00:07"]
[BlackClock "0:00:05"]

1. e4 c6 2. d4 d5 3. exd5 cxd5 4. Bd3 Nc6 5. c3 Nf6 6. Bf4 Bg4 7. Qb3 Qd7 8. Nd2 e6 9. Ngf3 Bxf3 10. Nxf3 Bd6 11. Bxd6 Qxd6 12. O-O O-O 13. Rfe1 Nd7 14. Qc2 g6 15. Rad1 Rac8 16. Qd2 Kg7 17. Bc2 b5 18. a3 a5 19. h4 Nf6 20. Ne5 b4 21. axb4 axb4 22. Re3 bxc3 23. bxc3 Ne7 24. Rh3 h5 25. Qg5 Ne4 26. Bxe4 dxe4 27. Qe3 Nd5 28. Qxe4 Nxc3 29. Rxc3 Rxc3 30. Qf4 f6 31. Qd2 Rcc8 32. Nf3 Rcd8 33. Rc1 e5 34. Qb2 exd4 35. Qb7+ Rf7 36. Qb3 d3 37. Rd1 Qd5 38. Qc3 Rfd7 39. Rd2 Qe4 40. Ng5 Qe1+ 41. Kh2 Qe5+ 42. Kg1 Qxc3 43. Ne6+ Kf7 44. Nxd8+ Rxd8 0-1

[Event "January 9 Early 2024"]
[Site "https://www.chess.com"]
[Date "2024.01.11"]
[Round "9"]
[White "Murthy, Pappu"]
[Black "De Pablo Pena, Miguel Angel"]
[Result "0-1"]
[Board "164"]
[TimeControl "180+1"]
[WhiteFideId "2013401"]
[BlackFideId "2219123"]
[WhiteElo "1905"]
[BlackElo "2153"]
[WhiteTeam "USA"]
[BlackTeam "ESP"]
[WhiteClock "0:00:13"]
[BlackClock "0:00:34"]

1. e4 c5 2. Nf3 d6 3. d4 cxd4 4. Nxd4 Nf6 5. Nc3 g6 6. Be3 Bg7 7. f3 O-O 8. Bc4 Nc6 9. Qe2 Bd7 10. O-O-O Ne5 11. Bb3 Rc8 12. h4 Rxc3 13. bxc3 Qa5 14. Kb2 Rc8 15. g4 Qxc3+ 16. Kb1 b5 17. Bc1 a5 18. Bb2 Qc7 19. a3 a4 20. Ba2 Nc4 21. Bxc4 bxc4 22. Bc3 Rb8+ 23. Ka2 h5 24. g5 Ne8 25. Qe3 Qc5 26. Rhe1 Nc7 27. f4 Bg4 28. Rb1 Rxb1 29. Rxb1 e5 30. fxe5 dxe5 31. Nf5 Qxe3 32. Nxe3 Bf3 33. Rb7 Ne6 34. Nxc4 Bxe4 35. Ra7 Bxc2 36. Nxe5 Bb3+ 37. Kb2 Nc5 38. Nxf7 Nd3+ 39. Kb1 Bxc3 40. Nh6+ Kf8 41. Ra8+ Ke7 42. Ra7+ Kd8 43. Ra8+ Kc7 44. Ra6 Ne1 45. Rxg6 Bc2+ 46. Kc1 Bxg6 47. Ng8 Kd7 48. Nf6+ Bxf6 49. gxf6 Ke6 50. Kd1 Nf3 51. Ke2 Nxh4 52. Ke3 Kxf6 53. Kf4 Bf7 54. Kg3 Nf5+ 55. Kh3 Kg5 56. Kg2 Kf4 57. Kh3 h4 58. Kh2 Be6 59. Kh1 Ne3 60. Kh2 Nc2 61. Kh1 Nxa3 62. Kh2 Nc4 63. Kg2 a3 64. Kf2 a2 65. Ke2 a1=Q 66. Kf2 Qb2+ 67. Kg1 Bd5 68. Kf1 Ne3+ 69. Kg1 Qg2# 0-1